 Dungeon Crawl Stone Soup version 0.30-a0-930-gb9d0489357 (webtiles) character file.

Game seed: 10899896405916674973

1191 NinjaNoafa the Magician (level 8, 0/57 HPs)
             Began as a Yellow Draconian Conjurer on Mar 23, 2023.
             Slain by an ice beast (13 damage)
             ... on level 6 of the Dungeon.
             The game lasted 00:08:19 (3773 turns).

NinjaNoafa the Magician (Yellow Draconian Conjurer) Turns: 3773, Time: 00:08:20

Health: 0/57       AC:  7    Str:  9    XL:     8   Next: 20%
Magic:  15/29      EV: 11    Int: 21    God:
Gold:   193        SH:  4    Dex:  9    Spells: 18/21 levels left

rFire   . . .      SeeInvis .    a - staff of earth "Lisotret" {rCorr MP+9 Str-2 Int+3}
rCold   . . .      Faith    +    v - +0 buckler
rNeg    . . .      Spirit   .    (body armour unavailable)
rPois   +          Reflect  .    (helmet restricted)
rElec   .          Rampage  .    (no cloak)
rCorr   +                        o - +0 pair of gloves
Will    .....                    (no boots)
Stlth   ++                       i - amulet of faith
HPRegen 0.29/turn                d - ring of poison resistance
MPRegen 0.21/turn                (no ring)

@: slowed, very slow
A: spit acid, AC +6, unfitting armour, cold-blooded, acid resistance, dopey 1,
high MP 1
a: Breathe Acid


You were on level 6 of the Dungeon.
You visited 2 branches of the dungeon, and saw 7 of its levels.

You collected 193 gold pieces.

Inventory:

Hand Weapons
 r - a +0 dagger
Missiles
 t - 11 datura-tipped darts
 y - 6 poisoned darts
Armour
 o - a +0 pair of gloves (worn)
 v - a +0 buckler (worn)
Magical Staves
 a - the staff of earth "Lisotret" (weapon) {rCorr MP+9 Str-2 Int+3}
   (You found it on level 2 of the Dungeon)

   [staff of earth]

   Base accuracy: +5 Base damage: 5 Base attack delay: 1.2 This weapon's minimum
   attack delay (0.6) is reached at skill level 12.
   Str:       It affects your strength (-2).
   Int:       It affects your intelligence (+3).
   MP:        It affects your magic capacity (+9).
   rCorr:     It protects you from acid and corrosion.
   It falls into the 'Staves' category.
   It is a one-handed weapon.
 b - a staff of conjuration
Jewellery
 d - a ring of poison resistance (left hand)
 i - an amulet of faith (around neck)
 l - a ring of ice
Wands
 h - a wand of charming (6)
 C - a wand of digging (8)
Scrolls
 c - 2 scrolls of magic mapping {unknown}
 e - a scroll of fear {unknown}
 f - 2 scrolls of summoning {unknown}
 g - a scroll of vulnerability {unknown}
 n - a scroll of amnesia {unknown}
 p - 2 scrolls of silence {unknown}
 q - a scroll of enchant weapon {unknown}
 s - 4 scrolls of teleportation {unknown}
 w - 2 scrolls of torment {unknown}
 z - a scroll of immolation {unknown}
 B - a scroll of acquirement {unknown}
 D - 3 scrolls of poison
Potions
 k - a potion of magic
 m - a potion of berserk rage
 u - 2 potions of curing
 x - a potion of brilliance
 A - 2 potions of lignification
 G - a potion of ambrosia


   Skills:
 - Level 1.7 Dodging
 - Level 1.7 Stealth
 + Level 3.0 Shields
 + Level 7.0 Spellcasting
 - Level 6.0 Conjurations
 + Level 3.0 Translocations


You had 18 spell levels left.
You knew the following spells:

 Your Spells              Type           Power      Damage    Failure   Level
a - Magic Dart            Conj           100%       1d8       1%          1
b - Searing Ray           Conj           64%        2d6       1%          2

Your spell library contained the following spells:

 Spells                   Type           Power      Damage    Failure   Level
 Dazzling Flash           Conj/Hex       38%        N/A       10%         3
 Hailstorm                Conj/Ice       19%        3d6       10%         3
 Freeze                   Ice            28%        1d5       12%         1
 Iskenderun's Mystic Bla  Conj/Tloc      26%        2d7       19%         4
 Fulminant Prism          Conj/Hex       9%         3d7       32%         4
 Frozen Ramparts          Ice            14%        1d3       34%         3


Dungeon Overview and Level Annotations

Branches:
Dungeon (6/15)             Temple (1/1) D:5

Altars:
Ashenzari
Cheibriados
Dithmenos
Elyvilon
Fedhas
Hepliaklqana
Kikubaaqudgha
Qazlal
Sif Muna
Trog
Uskayaw
Vehumet
Wu Jian
Xom
Yredelemnul
Zin
The Shining One

Shops:
D:6 [


Innate Abilities, Weirdness & Mutations

You can spit globs of acid.
Your golden yellow scales are hard. (AC +6)
You cannot fit into any form of body armour.
You are cold-blooded and may be slowed by cold attacks.
You are resistant to acid. (rCorr)
You are dopey. (Int -2)
You have an increased reservoir of magic. (+10% MP)


Message History

Press: ? - help, Shift-Dir - straight line, f - ice beast
Aim: an ice beast (81% to hit)
The searing ray hits the ice beast.
The ice beast is lightly wounded. (Press . to maintain the ray.)
The searing ray hits the ice beast.
The ice beast is moderately wounded.
The ice beast misses you.
The searing ray hits the ice beast.
The ice beast is moderately wounded.
The ice beast hits you.
* * * LOW HITPOINT WARNING * * *
The ice beast freezes you!
You feel yourself slow down.
* * * LOW HITPOINT WARNING * * *
The searing ray hits the ice beast but does no damage.
The ice beast is moderately wounded.
You finish channelling your searing ray.
The ice beast hits you.
* * * LOW HITPOINT WARNING * * *
The ice beast freezes you.
You feel as though you will be slow longer.
* * * LOW HITPOINT WARNING * * *
The ice beast barely misses you.
Casting: Searing Ray (safe; 1% risk of failure)
Confirm with . or Enter, or press ? or * to list all spells.
Aiming: Searing Ray (safe; 1% risk of failure)
Press: ? - help, Shift-Dir - straight line, f/p - ice beast
Aim: an ice beast (moderately wounded, 81% to hit)
The searing ray hits the ice beast.
The ice beast is heavily wounded. (Press . to maintain the ray.)
The ice beast hits you but does no damage.
The searing ray hits the ice beast.
The ice beast is severely wounded.
You have got your breath back.
The ice beast hits you.
* * * LOW HITPOINT WARNING * * *
The ice beast freezes you!
You feel as though you will be slow longer.
You die...

#......#...>......#
###'####.##.#######
#.####.##.#<..#.#
#.##............#
#.##.#.##....##.#
#.# .#.####### #
#)## #. #[# ####@##
##.#..Y))#.#.#
#..'...........
#..#.......#... #.
#......## #
#......# #......#
###.##.# #.# .#


You could see an ice beast.

Vanquished Creatures
  An orc warrior (D:6)
  A water moccasin (D:6)
  2 black bears (D:4)
  An ogre (D:4)
  2 phantoms
  A scorpion (D:5)
  4 orc priests
  A jelly (D:4)
  A gnoll bouda (D:5)
  2 iguanas
  An orc wizard (D:3)
  9 gnolls
  8 adders
  5 dart slugs
  16 orcs
  10 ball pythons
  4 bats
  9 endoplasms
  3 giant cockroaches
  5 goblins
  5 hobgoblins
  3 jackals (D:1)
  2 quokkas (D:4)
  A frilled lizard (D:3)
  11 kobolds
  6 rats
114 creatures vanquished.

Notes
Turn   | Place    | Note
-------+----------+-------------------------------------------
     0 | D:1      | NinjaNoafa the Draconian Conjurer began the quest for the
                  | Orb.
     0 | D:1      | Reached XP level 1. HP: 14/14 MP: 3/3
   190 | D:1      | Reached XP level 2. HP: 20/20 MP: 2/5
   222 | D:1      | Learned a level 2 spell: Searing Ray
   305 | D:1      | Reached skill level 3 in Spellcasting
   444 | D:1      | Reached XP level 3. HP: 26/26 MP: 2/7
   491 | D:2      | Found a faded altar of an unknown god.
   628 | D:2      | Found an ancient bone altar of Kikubaaqudgha.
   635 | D:2      | Identified the staff of earth "Lisotret" {rCorr MP+9 Str-2
                  | Int+3}
  1243 | D:3      | Reached skill level 4 in Spellcasting
  1267 | D:3      | Reached XP level 4. HP: 33/33 MP: 10/10
  1332 | D:3      | Reached XP level 5. HP: 32/38 MP: 10/11
  1889 | D:4      | Reached skill level 5 in Conjurations
  1954 | D:4      | Noticed an ogre
  1973 | D:4      | Killed an ogre
  1974 | D:4      | Reached skill level 5 in Spellcasting
  1974 | D:4      | Reached XP level 6. HP: 33/45 MP: 6/13
  2199 | D:4      | Reached skill level 6 in Spellcasting
  2199 | D:4      | Your scales start taking on a golden yellow colour.
  2199 | D:4      | Reached XP level 7. HP: 44/50 MP: 8/16
  2199 | D:4      | Gained mutation: You are resistant to acid. (rCorr) [Yellow
                  | Draconian growth]
  2576 | D:4      | Found a radiant altar of Vehumet.
  2875 | D:5      | Entered Level 5 of the Dungeon
  2875 | D:5      | Found a staircase to the Ecumenical Temple.
  2899 | Temple   | Entered the Ecumenical Temple
  3248 | D:5      | Found a bloodstained altar of Trog.
  3384 | D:5      | Reached skill level 1 in Shields
  3384 | D:5      | Reached skill level 1 in Translocations
  3702 | D:6      | Found Catah's Antique Armour Shop.
  3747 | D:6      | HP: 1/50 [orc priest/divine providence (13)]
  3748 | D:6      | Reached XP level 8. HP: 1/57 MP: 15/18
  3749 | D:6      | Gained mutation: You are dopey. (Int -2) [potion of
                  | mutation]
  3749 | D:6      | Gained mutation: You have an increased reservoir of magic.
                  | (+10% MP) [potion of mutation]
  3765 | D:6      | Reached skill level 7 in Spellcasting
  3773 | D:6      | Slain by an ice beast

Illustrated notes

Levels and vault maps discovered:
D:1:      lightli_arrival_chessboard, layout_rooms, fountainhead,
          minmay_misc_feat_encased, corner_web_ring
D:2:      layout_basic, nicolae_ecumenical_pavilion, basic_altar
D:3:      layout_basic
D:4:      kennysheep_six_static_rooms, layout_basic, general_overflow_altar
D:5:      layout_loops_cross, mainiacjoe_overflow_brackets,
          minmay_temple_entry_statues_pillars
D:6:      layout_basic, mainiacjoe_overflow_concentric_impassable,
          nicolae_ru_sacrificial_ziggurat, serial_shops, shop_fountains
Temple:   jpeg_temple_clearing

Skill      XL: |  1  2  3  4  5  6  7  8 |
---------------+-------------------------+-----
Spellcasting   | 3 4 5 6 7 |  7.0
Conjurations   | 5 6 |  6.0
Shields        | 2 3 |  3.0
Translocations | 2 3 |  3.0
Dodging        | |  1.7
Stealth        | |  1.7

Action                     |  1- 3 |  4- 6 |  7- 9 || total
---------------------------+-------+-------+-------++-------
  Melee: Unarmed           |    11 |       |       ||    11
         Tailslap          |     2 |       |     1 ||     3
         Dagger            |     5 |       |       ||     5
         Staff             |       |       |    10 ||    10
   Cast: Magic Dart        |    43 |    48 |    14 ||   105
         Searing Ray       |     7 |    19 |    26 ||    52
Ability: Breathe Acid      |       |       |     3 ||     3
    Use: Scroll            |       |       |     6 ||     6
         Potion            |       |       |     4 ||     4
 Armour: Skin              |     5 |    10 |    12 ||    27
  Dodge: Dodged            |    42 |    13 |    20 ||    75
  Block: Buckler           |       |     1 |    10 ||    11

Table legend: (Time is in decaauts)
 A = Elapsed time spent in this place.
 B = Non-inter-level travel time spent in this place.
 C = Inter-level travel time spent in this place.
 D = Time resting spent in this place.
 E = Time spent auto-exploring this place.
 F = Levels seen in this place.
 G = Mean time per level.
                   A        B        C        D        E       F      G
               +--------+--------+--------+--------+--------+-----+--------+
         Total |   3775 |   3434 |    341 |    142 |   2571 |   7 |  539.3 |
       Dungeon |   3667 |   3339 |    328 |    142 |   2490 |   6 |  611.2 |
        Temple |    107 |     94 |     13 |      0 |     81 |   1 |  107.0 |
               +--------+--------+--------+--------+--------+-----+--------+

Top non-repeatable levels by time:
     D:4: 1025 daAuts
     D:3: 719 daAuts
     D:2: 690 daAuts
     D:5: 652 daAuts
     D:1: 491 daAuts
  Temple: 107 daAuts
     D:6: 88 daAuts
